 Dungeon Sprint DCSS version 0.29-a0-392-g297d3b089c (webtiles) character file.

Game seed: 1330704534060652391

103 mhtbhm the Slasher (level 4, -3/43 HPs)
             Began as a Barachi Berserker on May 8, 2022.
             Was a Priest of Trog.
             Killed from afar by an orc wizard (10 damage)
             ... with a puff of flame
             ... in the Dungeon (Sprint IX: "|||||||||||||||||||||||||||||").
             The game lasted 00:00:27 (269 turns).

mhtbhm the Slasher (Barachi Berserker)               Turns: 269, Time: 00:00:29

Health: -3/43      AC:  2    Str: 21    XL:     4   Next: 79%
Magic:  4/4        EV: 13    Int:  7    God:    Trog [***...]
Gold:   0          SH:  0    Dex: 11    Spells: 3/3 levels left

rFire   . . .      SeeInvis .   a - +0 falchion
rCold   . . .      Faith    .   (no shield)
rNeg    . . .      Spirit   .   b - +0 animal skin
rPois   .          Reflect  .   (no helmet)
rElec   .          Harm     .   (no cloak)
rCorr   .          Rampage  .   (no gloves)
Will    .....      NoTele   +   (no boots)
Stlth   +.........              (no amulet)
HPRegen 0.14/turn               (no ring)
MPRegen 0.09/turn               (no ring)

@: unable to hop, on berserk cooldown, slow
A: amphibious, slowness 1, strong legs 1, +LOS
a: Hop, Renounce Religion, Berserk, Trog's Hand


You were in the Dungeon.
You worshipped Trog.
Trog was most pleased with you.
You visited 1 branch

Inventory:

Hand Weapons
 a - a +0 falchion (weapon)
Armour
 b - a +0 animal skin (worn)
Scrolls
 h - a scroll of blinking
Potions
 e - a potion of haste
 f - 2 potions of magic
 g - a potion of berserk rage


   Skills:
 + Level 7.6 Fighting
 + Level 7.6 Long Blades
 + Level 3.8 Armour
 + Level 4.1 Dodging
 + Level 0.7 Stealth


You had 3 spell levels left.
You didn't know any spells.
Your spell library was empty.

Dungeon Overview and Level Annotations

Branches:
Dungeon (1/1)

Altars:


Innate Abilities, Weirdness & Mutations

You are amphibious.
You cover ground slowly.
You can hop short distances.
You have an extended range of vision and can be seen from far away.


Message History

You hit the orc wizard but do no damage.
The orc wizard is severely wounded.
The orc wizard hits you but does no damage.
The orc wizard gestures at you while chanting.
You are confused.
You closely miss the orc wizard.
The orc wizard is severely wounded.
The orc wizard barely misses you.
You miss the orc wizard.
The orc wizard is severely wounded.
The orc wizard hits you with a +0 dagger.
You're too confused to move!
The orc wizard closely misses you.
The orc wizard points at you and mumbles some strange words.
You are more confused.
You bump into the unnaturally hard rock wall.
The orc wizard barely misses you.
You're too confused to move!
The orc wizard barely misses you.
The orc wizard casts a spell.
The orc wizard flickers and vanishes!
Deactivating autopickup; reactivate with Ctrl-A.
You closely miss something. Something hits you but does no damage.
Something hits you.
You bump into the unnaturally hard rock wall.
You feel less confused. Something hits you.
You barely miss something. Something hits you.
You hear some strange, mumbled words.
A puff of flame appears from out of thin air!
The puff of flame hits you!
* * * LOW HITPOINT WARNING * * *
Unknown command.
You hit something but do no damage. Something hits you.
* * * LOW HITPOINT WARNING * * *
Hop to where?
Press: ? - help, Dir - move target Boing!
You feel yourself speed up.
A puff of flame appears from out of thin air!
The puff of flame hits you!
You die...

▓▓▓
▓<▓
▓.▓
▓.▓
▓@▓
▓÷▓
▓÷▓
▓)▓
▓.▓
▓.▓
▓○▓
▓{▓
▓5▓


You could see an ufetubus.

Vanquished Creatures
  A scorpion (D)
  A howler monkey (D)
  A hobgoblin (D)
  A kobold (D)
  3 rats (D)
7 creatures vanquished.

Notes
Turn   | Place    | Note
-------+----------+-------------------------------------------
     0 | D        | mhtbhm the Barachi Berserker began the quest for the Orb.
     0 | D        | Reached XP level 1. HP: 18/18 MP: 1/1
    18 | D        | Reached ** piety under Trog
   222 | D        | Noticed a howler monkey
   222 | D        | Noticed a scorpion
   222 | D        | Noticed an orc wizard
   230 | D        | Killed a howler monkey
   231 | D        | Reached XP level 2. HP: 28/28 MP: 2/2
   231 | D        | Reached XP level 3. HP: 34/34 MP: 3/3
   235 | D        | Killed a scorpion
   235 | D        | Reached *** piety under Trog
   236 | D        | Reached XP level 4. HP: 43/43 MP: 4/4
   269 | D        | Killed from afar by an orc wizard

Illustrated notes

Levels and vault maps discovered:
D:        linesprint [early_d, line_temple, items_1, d_10, items_2, lair_1,
          lair_end, items_3, orc_1, orc_end, items_4, d_15, swamp_1, shoals_1,
          snake_1, spider_1, d_20, vaults_1, items_5, swamp_end, shoals_end,
          snake_end, spider_end, vaults_end, d_27, items_6, zot_1, zot_end,
          crypt_end, forest_end, elf_end, slime_end, tomb_end, abyss_end,
          pan_hell_end]

Skill      XL: |  1  2  3 |
---------------+----------+-----
Fighting       | 6 7 |  7.6
Long Blades    | 6 7 |  7.6
Armour         | 3 |  3.8
Dodging        | 3 4 |  4.1
Stealth        | |  0.7

Action                   |  1- 3 |  4- 6 || total
-------------------------+-------+-------++-------
Melee: Falchion          |    29 |    20 ||    49
Invok: Berserk           |     2 |       ||     2
 Abil: Hop               |       |     1 ||     1
  Use: Potion            |       |     2 ||     2
Armor: Animal skin       |     1 |     6 ||     7
Dodge: Dodged            |    11 |     7 ||    18

Table legend: (Time is in decaauts)
 A = Elapsed time spent in this place.
 B = Non-inter-level travel time spent in this place.
 C = Inter-level travel time spent in this place.
 D = Time resting spent in this place.
 E = Time spent auto-exploring this place.
 F = Levels seen in this place.
 G = Mean time per level.
                   A        B        C        D        E       F      G
               +--------+--------+--------+--------+--------+-----+--------+
         Total |    283 |    283 |      0 |    207 |      0 |   1 |  283.0 |
       Dungeon |    283 |    283 |      0 |    207 |      0 |   1 |  283.0 |
               +--------+--------+--------+--------+--------+-----+--------+

Top non-repeatable levels by time:
       D: 283 daAuts
